 Dungeon Crawl Stone Soup version 0.24.0-125-gc4c63601f3 (webtiles) character file.

Game seed: 13543296509070596681, levelgen mode: deterministic

567 Dustman the Skirmisher (level 7, -4/59 (61) HPs)
             Began as a Ghoul Monk on Mar 9, 2020.
             Slain by an orc warrior
             ... wielding a +0 battleaxe
              (23 damage)
             ... on level 4 of the Dungeon.
             The game lasted 00:22:33 (2200 turns).

Dustman the Skirmisher (Ghoul Monk)                 Turns: 2200, Time: 00:22:34

HP:   -4/59 (61)    AC:  6    Str: 15    XL:     7   Next: 33%
MP:   6/6           EV: 13    Int:  5    God:
Gold: 82            SH:  0    Dex: 16    Spells: 6/6 levels left

rFire    . . .     SeeInvis .   s - +6 short sword "Duemeryoti" {pierce, MR++ Dex+3}
rCold    + . .     Gourm    .   (no shield)
rNeg     + + +     Faith    .   r - +0 ring mail
rPois    ∞         Spirit   .   (no helmet)
rElec    .         Reflect  .   (no cloak)
rCorr    .         Harm     .   (no gloves)
MR       ++...                  p - +0 pair of boots
Stlth    +++.......             (no amulet)
HPRegen  0.00/turn              k - ring of stealth
MPRegen  0.10/turn              (no ring)

@: rotting
A: rotting body, claws 1, carnivore, cold resistance 1, negative energy
resistance 3, inhibited regeneration, torment resistance, unbreathing
a: no special abilities


You were on level 4 of the Dungeon.
You were not hungry.

You visited 1 branch of the dungeon, and saw 4 of its levels.

You collected 82 gold pieces.

Inventory:

Hand Weapons
 m - a +2 dagger of holy wrath
 s - the +6 short sword "Duemeryoti" (weapon) {pierce, MR++ Dex+3}
   (You found it on level 4 of the Dungeon)

   It inflicts extra damage upon your enemies.
   It affects your dexterity (+3).
   It affects your resistance to hostile enchantments.
Missiles
 i - 3 boomerangs of dispersal (quivered)
Armour
 p - a +0 pair of boots (worn)
 r - a +0 ring mail (worn)
Jewellery
 k - a ring of stealth (left claw)
 q - an uncursed amulet of harm
Scrolls
 c - a scroll of remove curse
 d - a scroll of blinking {unknown}
 e - a scroll of teleportation {unknown}
 g - 2 scrolls of amnesia {unknown}
 j - 3 scrolls of identify {unknown}
Potions
 f - 3 potions of flight {unknown}
 h - 2 potions of curing {unknown}
 l - a potion of heal wounds {unknown}
 n - 2 potions of invisibility {unknown}
 o - a potion of might {unknown}
Comestibles
 a - 4 chunks of flesh
 b - 6 rations


   Skills:
 + Level 5.3 Fighting
 + Level 0.0 Short Blades
 + Level 3.2 Armour
 + Level 4.4 Dodging
 - Level 4.0 Stealth
 - Level 4.0 Unarmed Combat


You had 6 spell levels left.
You didn't know any spells.
Your spell library was empty.

Dungeon Overview and Level Annotations

Branches:
Dungeon (4/15)
 Temple: D:4-7

Altars:

Annotations:
D:2 Sigmund


Innate Abilities, Weirdness & Mutations

Your body is rotting away.
You thrive on raw meat.
You are immune to poison.
You have sharp fingernails.
You are carnivorous and can eat meat at any time.
Your flesh is cold resistant. (rC+)
You are immune to negative energy. (rN+++)
You do not regenerate when monsters are visible.
You are immune to unholy pain and torment.
You can survive without breathing.


Message History

The orc warrior is moderately wounded.
The orc hits you but does no damage.
The orc warrior hits you with a +0 battleaxe!
You hit the orc warrior but do no damage.
The orc warrior is moderately wounded.
The orc closely misses you.
Throwing (i - inventory)
i - 5 boomerangs of dispersal (quivered)
Press: ? - help, Shift-Dir - straight line, f - orc warrior
Aim: an orc warrior, wielding a +0 battleaxe and wearing a +0 plate armour (moderately wounded)
You throw a boomerang of dispersal.
The boomerang of dispersal closely misses the orc warrior.
The orc warrior closely misses you. The orc hits you but does no damage.
Throwing (i - inventory)
i - 4 boomerangs of dispersal (quivered)
Press: ? - help, Shift-Dir - straight line, f/p - orc warrior
Aim: an orc warrior, wielding a +0 battleaxe and wearing a +0 plate armour (moderately wounded)
You throw a boomerang of dispersal.
The boomerang of dispersal barely misses the orc warrior.
The orc hits you but does no damage.
The orc warrior hits you with a +0 battleaxe!!
You die...

# #.##......####.#.##.#
#####'###.....# #.#..#.#
#.......#.###.# #.#..#.#
#.........# #.####.##.#.#
#.......#####.#.........#
...###......#.##.#....#####
.......#....#.##.#........#
....#..#....#...o....#....#
.......#....#...@o).......#
....##.#÷#.##........##..##
.......)<.......>Z.........
##.#[#.######......#########
#.#......................
#.#...#####.............
#.#...# #....).......#
....#.# ###.#......###.#
.....#.# #.).#......#


You could see an orc warrior, an orc and a centaur skeleton.

Vanquished Creatures
  5 orc priests
  3 orc wizards (D:4)
  Natasha (thrice) (D:3)
  A worker ant (D:4)
  4 gnolls (D:3)
  6 adders
  An ooze (D:1)
  4 worms
  5 dart slugs
  2 leopard geckos (D:2)
  15 orcs
  12 bats
  3 giant cockroaches
  5 hobgoblins
  10 jackals
  4 quokkas
  2 ball pythons
  4 frilled lizards
  7 goblins
  13 kobolds
  12 rats
121 creatures vanquished.

Notes
Turn   | Place    | Note
-------+----------+-------------------------------------------
     0 | D:1      | Dustman the Ghoul Monk began the quest for the Orb.
     0 | D:1      | Reached XP level 1. HP: 19/19 MP: 0/0
    53 | D:1      | Reached XP level 2. HP: 18/26 MP: 1/1
   256 | D:2      | Reached XP level 3. HP: 26/31 MP: 2/2
   332 | D:2      | Reached skill level 1 in Armour
   414 | D:2      | Reached XP level 4. HP: 39/40 MP: 3/3
   561 | D:2      | Noticed Sigmund
   582 | D:2      | Noticed Natasha
  1038 | D:3      | Killed Natasha
  1038 | D:3      | Reached skill level 4 in Fighting
  1038 | D:3      | Reached XP level 5. HP: 17/46 MP: 4/4
  1043 | D:3      | Noticed Natasha
  1495 | D:3      | Killed Natasha
  1546 | D:4      | Reached XP level 6. HP: 50/53 MP: 5/5
  1658 | D:3      | Noticed Natasha
  1688 | D:3      | Killed Natasha
  1961 | D:4      | Reached skill level 5 in Fighting
  1961 | D:4      | Reached XP level 7. HP: 58/61 MP: 6/6
  2122 | D:4      | Got a slimy short sword
  2142 | D:4      | Identified the +6 short sword "Duemeryoti" {pierce, MR++
                  | Dex+3} (You found it on level 4 of the Dungeon)
  2200 | D:4      | Slain by an orc warrior

Levels and vault maps discovered:
D:1:      psy_arrival_terrarium, layout_loops_ring
D:2:      layout_loops_ring, first_ration, minmay_close_crescents, uniq_sigmund,
          uniq_natasha
D:3:      layout_loops_ring, gammafunk_temple_overflow_forgotten,
          minmay_misc_feat_iff
D:4:      layout_basic, tgw_trog

Skill      XL: |  1  2  3  4  5  6  7 |
---------------+----------------------+-----
Dodging        | 3 4 |  4.4
Armour         | 1 2 3 |  3.2
Stealth        | 3 4 |  4.0
Fighting       | 4 5 |  5.3
Unarmed Combat | 4 |  4.0

Action                   |  1- 3 |  4- 6 |  7- 9 || total
-------------------------+-------+-------+-------++-------
Melee: Unarmed           |    96 |   314 |    54 ||   464
       Punch             |       |     2 |     1 ||     3
       Short sword       |       |       |     5 ||     5
Throw: Boomerang         |       |       |     2 ||     2
  Use: Scroll            |       |     2 |       ||     2
 Stab: Sleeping          |     4 |     4 |       ||     8
       Distracted        |       |       |     1 ||     1
  Eat: Chunk             |    12 |    34 |     9 ||    55
Armor: Robe              |    12 |    25 |       ||    37
       Ring mail         |       |    39 |    20 ||    59
Dodge: Dodged            |    72 |   198 |    20 ||   290
